Cogmind - Beta 10.1 @@@ ROGUE MODE // 2020.10.03 @ 16:54:13 Player: Tmvn Result: Destroyed by Y-54 Guardian with Gatling Laser Performance ------------- Evolutions (3) 1500 Regions Visited (5) 1000 Robots Destroyed (57) 285 Value Destroyed (2004) 2004 Prototype IDs (2) 40 Alien Tech Used (0) 0 Bonus (237) 237 TOTAL SCORE: 5066 Bonus ------- High Alert Combat Kills 37 Entered Garrisons 200 Cogmind --------- Core Integrity 0/700 Matter 65/300 Energy 290/290 System Corruption 0% Temperature Cool (6) Movement Core (800) Ox15 Location -7/Garrison Parts ------- > --- POWER (1) -------- Reinforced Deuterium Engine > --- PROPULSION (3) --- (None) > --- UTILITY (6) ------ High-capacity Storage Unit Signal Interpreter Power Shielding > --- WEAPON (3) ------- (None) > --- INVENTORY (12) --- Improved Ion Engine Improved Ion Engine Improved Deuterium Engine Reinforced Deuterium Engine Light Treads Light Treads Aluminum Leg Aluminum Leg Armored Wheel Heat Sink Improved Heat Sink Visual Processing Unit Peak State ------------ > --- POWER ------------ Improved Deuterium Engine > --- PROPULSION ------- Light Treads Light Treads Light Treads > --- UTILITY ---------- High-capacity Storage Unit High-capacity Storage Unit Advanced Sensor Array Signal Interpreter Utility Shielding Hacking Suite > --- WEAPON ----------- Gatling Laser Gauss Cannon Heavy Missile Launcher > --- INVENTORY -------- Improved Ion Engine Improved Ion Engine Deuterium Engine Improved Deuterium Engine Light Treads Light Treads Armored Wheel Heat Sink Improved Heat Sink Visual Processing Unit Power Shielding EM Shotgun Beam Rifle Improved EM Pulse Cannon Heavy Assault Rifle Heavy Assault Rifle Proton Missile Launcher Grenade Launcher Heavy Missile Launcher Improved Datajack [Rating: 33] Favorites ----------- Power Deuterium Engine Engine Deuterium Engine Propulsion Light Treads Treads Light Treads Leg Aluminum Leg Utility High-capacity Storage Unit Device Advanced Sensor Array Storage High-capacity Storage Unit Processor Signal Interpreter Hackware Hacking Suite Protection Utility Shielding Weapon Light Assault Rifle Energy Gun Beam Rifle Energy Cannon Ion Cannon Ballistic Gun Light Assault Rifle Ballistic Cannon Gauss Cannon Launcher Grenade Launcher Special Melee Weapon Improved Datajack Build | -11 -10 -9 -8 -7 -7 ------- Run | Scr Mat Mat Mat Fac Gar Slots Evolved 6 | . . 2 2 2 . Power . | . . . . . . Propulsion 1 | . . . 1 . . Utility 4 | . . 1 1 2 . Weapon 1 | . . 1 . . . Parts Attached 87 | 2 11 10 30 10 24 Power 12 | . 3 1 3 1 4 Engine 12 | . 3 1 3 1 4 Core . | . . . . . . Reactor . | . . . . . . Propulsion 23 | 2 3 4 6 1 7 Treads 21 | 2 3 4 6 1 5 Leg 2 | . . . . . 2 Wheel . | . . . . . . Hover . | . . . . . . Flight . | . . . . . . Utility 13 | . 3 1 4 4 1 Device 2 | . . . 1 1 . Storage 3 | . 3 . . . . Processor 2 | . . 1 . 1 . Hackware 1 | . . . . 1 . Protection 5 | . . . 3 1 1 Artifact . | . . . . . . Weapon 39 | . 2 4 17 4 12 Energy Gun 11 | . 1 . 6 1 3 Energy Cannon 9 | . . 3 5 . 1 Ballistic Gun 7 | . 1 1 3 . 2 Ballistic Cannon 1 | . . . . 1 . Launcher 10 | . . . 3 2 5 Special Weapon . | . . . . . . Impact Weapon . | . . . . . . Slashing Weapon . | . . . . . . Piercing Weapon . | . . . . . . Special Melee Weapon 1 | . . . . . 1 Unidentified Prototypes 2 | . . . 2 . . Parts Lost 43 | . 1 2 15 . 25 Power 4 | . . . 2 . 2 Propulsion 9 | . . . 3 . 6 Utility 8 | . . . 4 . 4 Weapon 22 | . 1 2 6 . 13 Highest Loss Streak 19 | . 1 2 10 . 19 Average Slot Usage (%) 93 | . 98 98 91 100 69 Engine 9 | . 13 11 9 7 6 Treads 23 | . 28 22 26 23 15 Device 2 | . . . . 7 1 Storage 19 | . 26 22 18 15 14 Processor 5 | . . 11 1 7 7 Hackware 2 | . . . . 7 2 Protection 4 | . . . 9 7 5 Energy Gun 4 | . 1 4 3 7 1 Energy Cannon 7 | . . 16 15 . . Ballistic Gun 11 | . 26 10 5 12 1 Launcher 1 | . . . 2 2 4 Naked Turns . | . . . . . . Heaviest Build 94 | 9 72 84 91 90 94 Greatest Support 60 | 40 40 40 60 60 60 Greatest Overweight (x) 26 | . 3 2 4 1 26 Average Overweight (x) 1 | . . 1 1 1 1 Largest Inventory Capacity 20 | 6 20 20 20 20 20 Average Capacity 19 | 6 18 20 20 20 19 Most Carried 20 | 6 10 20 20 20 20 Average Carried 14 | 4 5 16 18 14 14 Final Capacity 20 | 6 20 20 20 20 12 Final Carried 20 | 2 10 19 17 20 12 Class Distribution -------------------- 30% | Hauler-Mutant 25% | Scavenger-Skirmisher 25% | Hauler-Gunner 13% | Hauler-Tank 4% | Scavenger-Gunner Dominant Class ---------------- Hauler-Mutant | -10/Materials Hauler-Gunner | -9/Materials Hauler-Tank | -8/Materials Scavenger-Skirmisher | -7/Factory Hauler-Mutant | -7/Garrison Resources | -11 -10 -9 -8 -7 -7 ----------- Run | Scr Mat Mat Mat Fac Gar Matter Collected 1139 | 183 167 127 347 160 155 Remotely . | . . . . . . Salvage Created 2173 | . 209 567 815 119 463 Parts 118 | . 11 31 43 10 23 Haulers Intercepted 3 | . . 1 2 . . Recyclers Shooed 2 | . 1 1 . . . Parts Field Recycled . | . . . . . . Retrieved Matter . | . . . . . . Parts Self-Destructed . | . . . . . . Prevented . | . . . . . . Kills | -11 -10 -9 -8 -7 -7 ------- Run | Scr Mat Mat Mat Fac Gar Combat Hostiles Destroyed 47 | . 4 10 20 2 11 Guns 19 | . 4 5 4 2 4 Cannons 13 | . . 5 7 . 1 AOE 15 | . . . 9 . 6 Classes Destroyed 10 | . 2 3 4 . 1 Worker 1 | . . . 1 . . Builder 4 | . . . 3 1 . Hauler 3 | . . 1 2 . . Watcher 2 | . 1 1 . . . Swarmer 6 | . . . 6 . . Grunt 25 | . 4 5 7 1 8 Brawler 2 | . . . . . 2 Duelist 2 | . . 1 1 . . Sentry 10 | . . 4 4 1 1 Hunter 2 | . . . 2 . . Best Kill Streak 10 | . 2 3 6 1 10 Combat Bots Only 10 | . 2 3 5 1 10 Max Kills in Single Turn 3 | . 1 1 3 1 3 Gunslinging . | . . . . . . Exploded 3 | . . . 3 . 2 Melee . | . . . . . . Uniques/NPCs Destroyed . | . . . . . . Combat | -11 -10 -9 -8 -7 -7 -------- Run | Scr Mat Mat Mat Fac Gar Damage Taken 5852 | . 455 275 1878 189 3055 Core 1067 | . 64 14 284 . 705 Absorbed by Shields . | . . . . . . Core Remaining (%) 79 | 100 74 96 48 . . Volleys Fired 133 | . 30 20 50 14 19 Largest 3 | . 2 3 3 3 3 Hottest 185 | . 60 140 185 151 173 Shots Fired 296 | . 57 56 112 42 29 Gun 166 | . 57 28 33 33 15 Cannon 107 | . . 28 68 4 7 Launcher 23 | . . . 11 5 7 Special . | . . . . . . Kinetic 130 | . 54 16 24 23 13 Thermal 102 | . . 23 59 14 6 Explosive 23 | . . . 11 5 7 Electromagnetic 41 | . 3 17 18 . 3 Robot Hit Streak 21 | . 13 20 21 7 20 Robot Miss Streak 3 | . 1 2 3 2 1 Penetration Max . | . . . . . . Secondary Targets 2 | . 1 . 1 . . Max Gunslinging Chain 1 | . 1 . 1 . . Shots Hit Robots 208 | . 43 39 83 21 22 Core Hits 112 | . 14 21 46 7 24 Critical Hits 1 | . . . . 1 . Critical Kills 1 | . . . . 1 . Critical Parts Destroyed . | . . . . . . Melee Attacks . | . . . . . . Impact . | . . . . . . Slashing . | . . . . . . Piercing . | . . . . . . Sneak Attacks . | . . . . . . Combat Hostiles . | . . . . . . Follow-up Attacks . | . . . . . . Damage Inflicted 4211 | . 357 677 1992 247 938 Guns 1336 | . 357 179 372 197 231 Cannons 1574 | . . 498 917 29 130 Explosions 1301 | . . . 703 21 577 Melee . | . . . . . . Ramming . | . . . . . . Kinetic 955 | . 320 71 241 127 196 Thermal 1289 | . . 399 692 99 99 Explosive 1301 | . . . 703 21 577 Electromagnetic 666 | . 37 207 356 . 66 Impact . | . . . . . . Slashing . | . . . . . . Piercing . | . . . . . . Highest Corruption . | . . . . . . Average Corruption . | . . . . . . Corruption Purged . | . . . . . . Overload Shots . | . . . . . . Overflow Damage 81 | . . 34 21 . 26 Projectiles 46 | . . 34 12 . . Explosions 35 | . . . 9 . 26 Melee . | . . . . . . Knockbacks 3 | . . . . 1 2 Impact . | . . . . . . Kinetic 3 | . . . . 1 2 Secondary . | . . . . . . Self-Inflicted Damage 343 | . . . 68 . 275 Shots 10 | . . . 4 . 6 Rammed . | . . . . . . Targets Rammed . | . . . . . . Kicked . | . . . . . . Crushed . | . . . . . . Highest Temperature 567 | . 34 150 567 249 251 Average Temperature 122 | . 14 64 179 84 119 Received Heat Transfer 2178 | . 261 126 675 81 1035 Effects 17 | . . . 17 . . Shutdowns 4 | . . . 4 . . Energy Bleed 2 | . . . 2 . . Interference 4 | . . . 4 . . Matter Decay 1 | . . . 1 . . Damage (minor) 1 | . . . 1 . . Damage (major) 4 | . . . 4 . . Damage (core) 1 | . . . 1 . . Siege Activations . | . . . . . . Robots Corrupted . | . . . . . . Combat Hostiles . | . . . . . . Parts Fried 2 | . . 1 1 . . Impact Corruptions . | . . . . . . Robots Melted . | . . . . . . Combat Hostiles . | . . . . . . Parts Melted 5 | . . 1 4 . . Heat Transferred 2471 | . . 666 1332 236 237 Parts Sabotaged . | . . . . . . Parts Stolen . | . . . . . . Parts Stripped . | . . . . . . Power Chain Reactions . | . . . . . . Missiles Intercepted . | . . . . . . Alert | -11 -10 -9 -8 -7 -7 ------- Run | Scr Mat Mat Mat Fac Gar Peak Influence 497 | . 62 223 497 213 285 Initial 180 | . . 26 65 180 73 Average 157 | . 27 125 295 132 180 Maximum Alert Level 2 | . . 1 2 1 1 Low Security (%) 75 | 100 100 89 29 95 68 Level 1 20 | . . 10 55 4 31 Level 2 3 | . . . 14 . . Level 3 . | . . . . . . Level 4 . | . . . . . . Level 5 . | . . . . . . High Security . | . . . . . . Max Security . | . . . . . . Squads Dispatched 8 | . 1 3 4 . . Investigation 3 | . 1 1 1 . . Extermination . | . . . . . . Reinforcement 3 | . . 2 1 . . Assault . | . . . . . . Garrison 2 | . . . 2 . . Intercept . | . . . . . . Construction Impeded . | . . . . . . Haulers Reinforced . | . . . . . . Stealth | -11 -10 -9 -8 -7 -7 --------- Run | Scr Mat Mat Mat Fac Gar Distress Signals 5 | . . 2 3 . . Communications Jammed . | . . . . . . Distress Signals . | . . . . . . Times Spotted 66 | . 6 19 26 2 13 Peak Tracking Total 8 | . 2 4 6 1 8 Tactical Retreats 1 | . . 1 . . . Traps | -11 -10 -9 -8 -7 -7 ------- Run | Scr Mat Mat Mat Fac Gar Traps Triggered 3 | . 3 . . . . Indirectly . | . . . . . . Trap Hack Attempts . | . . . . . . Triggered . | . . . . . . Disarmed . | . . . . . . Reprogrammed . | . . . . . . Reused . | . . . . . . Traps Extracted . | . . . . . . Installed . | . . . . . . Triggered . | . . . . . . Machines | -11 -10 -9 -8 -7 -7 ---------- Run | Scr Mat Mat Mat Fac Gar Machines Disabled 2 | . . . 1 1 . Max in Single Turn 1 | . . . 1 1 . Machines Sabotaged . | . . . . . . Garrisons Compromised . | . . . . . . Overloaded Fab Kills . | . . . . . . Fab Network Shutdowns . | . . . . . . Hacking | -11 -10 -9 -8 -7 -7 --------- Run | Scr Mat Mat Mat Fac Gar Machines Accessed 12 | . 1 2 5 4 . Terminals 6 | . 1 2 3 . . Fabricators 1 | . . . . 1 . Repair Stations 2 | . . . 1 1 . Recycling Units 1 | . . . . 1 . Scanalyzers 1 | . . . 1 . . Garrison Access 1 | . . . . 1 . Total Hacks 26 | . 1 5 14 6 . Successful 12 | . . 2 7 3 . Failed 14 | . 1 3 7 3 . Catastrophic . | . . . . . . Database Lockouts . | . . . . . . Manual 3 | . 1 1 1 . . Terminals 13 | . 1 5 7 . . Fabricators 1 | . . . . 1 . Repair Stations 5 | . . . 3 2 . Recycling Units 2 | . . . . 2 . Scanalyzers 4 | . . . 4 . . Garrison Access 1 | . . . . 1 . Terminal Hacks 5 | . . 2 3 . . Record 1 | . . . 1 . . Alert Level 2 | . . 1 1 . . Locate Traps 1 | . . 1 . . . Dispatch Records 1 | . . . 1 . . Fabricator Hacks . | . . . . . . Repair Station Hacks 3 | . . . 2 1 . Scan Component 2 | . . . 1 1 . Repair 1 | . . . 1 . . Recycling Unit Hacks 1 | . . . . 1 . Recycle Component 1 | . . . . 1 . Scanalyzer 2 | . . . 2 . . Insert Component 1 | . . . 1 . . Analyze 1 | . . . 1 . . Garrison Access Hacks 1 | . . . . 1 . Unlock Access 1 | . . . . 1 . Unauthorized Hacks . | . . . . . . Terminals . | . . . . . . Fabricators . | . . . . . . Repair Stations . | . . . . . . Recycling Units . | . . . . . . Scanalyzers . | . . . . . . Garrison Access . | . . . . . . Data Cores Recovered . | . . . . . . Used . | . . . . . . Hacking Detections 9 | . . 2 5 2 . Full Trace Events 2 | . . 1 1 . . Feedback Events . | . . . . . . Feedback Blocked . | . . . . . . Robot Schematics Acquired . | . . . . . . Robots Built . | . . . . . . Matter . | . . . . . . Time . | . . . . . . Total Robot Build Rating . | . . . . . . Part Schematics Acquired 1 | . . . 1 . . Parts Built . | . . . . . . Matter . | . . . . . . Time . | . . . . . . Total Part Build Rating . | . . . . . . Parts Repaired 1 | . . . 1 . . Time 26 | . . . 26 . . Parts Recycled 1 | . . . . 1 . Recycled Matter . | . . . . . . Retrieved Matter . | . . . . . . Retrieved Components . | . . . . . . Parts Scanalyzed 1 | . . . 1 . . Part Schematics Acquired 1 | . . . 1 . . Parts Damaged . | . . . . . . Bothacking | -11 -10 -9 -8 -7 -7 ------------ Run | Scr Mat Mat Mat Fac Gar Used RIF Installer . | . . . . . . Robots Hacked . | . . . . . . Non-combat . | . . . . . . Combat . | . . . . . . Robot Hacks Applied . | . . . . . . Relay Couplers Released . | . . . . . . Robots Rewired . | . . . . . . Allies Hacked . | . . . . . . Hacks Repelled . | . . . . . . Allies | -11 -10 -9 -8 -7 -7 -------- Run | Scr Mat Mat Mat Fac Gar Total Allies . | . . . . . . Largest Group . | . . . . . . Highest-Rated Group . | . . . . . . Highest-Rated Ally . | . . . . . . Total Orders . | . . . . . . Ally Attacks . | . . . . . . Total Damage . | . . . . . . Kills . | . . . . . . Allies Corrupted . | . . . . . . Allies Melted . | . . . . . . Intel | -11 -10 -9 -8 -7 -7 ------- Run | Scr Mat Mat Mat Fac Gar Robot Analysis Total . | . . . . . . Derelict Logs Recovered . | . . . . . . Drone Launches . | . . . . . . Drone Recoveries . | . . . . . . Exploration | -11 -10 -9 -8 -7 -7 ------------- Run | Scr Mat Mat Mat Fac Gar Turns Passed 3121 | 7 575 643 754 740 402 Spaces Moved 1364 | 3 263 277 298 373 150 Core 3 | . . . . . 3 Treads 1357 | 2 263 277 298 373 144 Legs 4 | 1 . . . . 3 Wheels . | . . . . . . Hover . | . . . . . . Flight . | . . . . . . Fastest Speed 120 | 120 160 180 180 180 180 Average Speed 187 | 146 178 199 181 180 212 Slowest Speed 1350 | 160 220 200 240 180 1350 Overloaded Moves . | . . . . . . Propulsion Burnouts . | . . . . . . Robots Hopped . | . . . . . . Cave-ins Triggered . | . . . . . . Exploration Rate (%) 25 | 2 44 35 28 8 33 Regions Visited 5 Branch Regions . Pre-discovered Areas . | . . . . . . Known Exits Taken 1 | . . . . 1 . Unknown Exits Taken 4 | 1 1 1 1 . . Scrap Searched . | . . . . . . Spaces Dug . | . . . . . . Terrain Destroyed 202 | . . 2 83 35 82 Melee . | . . . . . . Projectile 8 | . . 2 4 2 . AOE 194 | . . . 79 33 82 Terrain Rammed . | . . . . . . Walls Destroyed . | . . . . . . Machines Disabled . | . . . . . . Actions | -11 -10 -9 -8 -7 -7 --------- Run | Scr Mat Mat Mat Fac Gar Total 1680 | 8 320 327 415 412 198 Wait 48 | . 9 5 30 . 4 Move 1359 | 2 262 276 297 372 150 Hop . | . . . . . . Pick Up 33 | . 6 11 5 10 1 Fast Attach 16 | . 5 1 6 . 4 Attach 36 | 2 2 3 13 4 12 Detach 3 | . 1 . 2 . . Swap 35 | . 4 6 11 6 8 Drop 17 | 4 1 5 1 6 . Fire 133 | . 30 20 50 14 19 Melee . | . . . . . . Ram . | . . . . . . Kick . | . . . . . . Crush . | . . . . . . Escape Stasis . | . . . . . . Rewire . | . . . . . . Trap . | . . . . . . Miscellaneous . | . . . . . . Route ------- -11/Scrapyard -10/Materials -9/Materials -8/Materials -7/Factory -7/Garrison (discovered 1 exit: [*Fac]) History --------- Turn | Location | Event 1 | -11/Scrapyard | Discovered new exit (range 2) 8 | -11/Scrapyard | Entered Materials 359 | -10/Materials | Build established: Hauler-Mutant 566 | -10/Materials | Discovered new exit (range 5) 583 | -10/Materials | Entered another Materials area 583 | -9/Materials | Evolved 2 slots: Utility x1, Weapon x1 1148 | -9/Materials | Build established: Hauler-Gunner 1218 | -9/Materials | Discovered new exit (range 5) 1226 | -9/Materials | Entered another Materials area 1226 | -8/Materials | Evolved 2 slots: Propulsion x1, Utility x1 1531 | -8/Materials | Lost 4 parts (1p1u2w) 1586 | -8/Materials | Repaired Lgt. Treads 1759 | -8/Materials | Build established: Hauler-Tank 1857 | -8/Materials | Garrison activated, responded to threat 1908 | -8/Materials | Core integrity fell below 50% 1932 | -8/Materials | Discovered new exit (range 15) 1941 | -8/Materials | Lost 10 parts (1p3n2u4w) 1980 | -8/Materials | Entered Factory 1980 | -7/Factory | Evolved 2 slots: Utility x2 2285 | -7/Factory | Build established: Scavenger-Skirmisher 2719 | -7/Factory | Identified exit to Garrison 2720 | -7/Factory | Entered Garrison 2843 | -7/Garrison | Core integrity fell below 50% 2848 | -7/Garrison | Destroyed 10 combat bots 2926 | -7/Garrison | Lost 19 parts (2p3n3u11w) 2934 | -7/Garrison | Triggered checkpoint 3020 | -7/Garrison | Discovered new exit (range 15) 3069 | -7/Garrison | Build established: Hauler-Mutant 3078 | -7/Garrison | Triggered checkpoint 3106 | -7/Garrison | Core integrity fell below 20% 3122 | -7/Garrison | Destroyed by Y-54 Guardian with Gatling Laser Last Messages --------------- 02894_ Hvy. Assault Rifle destroyed. 02894_ Hacking Suite destroyed. 02895_ Grenade Launcher destroyed. 02895_ Destroyed Grenade Launcher. 02898_ Y-54 Guardian destroyed. 02899_ The unstable cave ceiling collapses. 02915_ Acquired Aluminum Leg. 02920_ The unstable cave ceiling collapses. 02923_ Acquired Aluminum Leg. 02928_ The unstable cave ceiling collapses. 02931_ Acquired 45 matter. 02933_ Acquired 60 matter. 02940_ The unstable cave ceiling collapses. 02947_ Acquired Lgt. Treads. 03000_ ALERT: Garrison interior compromised. 03020_ EXIT=FOUND 03086_ Hvy. Missile Launcher destroyed. 03103_ Lgt. Treads destroyed. 03112_ Imp. Datajack destroyed. 03118_ Hcp. Storage Unit destroyed. Map ----- +----------------------------------------------------+ | ????????????????????????????????????? | | ????????????????????????????????????? | | ????????????????????????????????????? | | ????????????????????????????????????? | | ????????????????????????????????????? | | ????????????????????????????????????? | | ????????????????????????????????????? | | ????????????????????????????????????? | | ????????????????????????????????????? | | ????????????????????????????????????? | | ????????????????????????????????????? | | ????????????????????????????????????? | | ????????????????????????????????????? | | ????????????????????????????????????? | | ????????????????????????????????????? | | ????????????????????????????????????? | | ?????????????????????????????###????? | | ??????????????????????###?## #????? | | ?????????????????????## ## # #????? | | ?????????????????????# ?????? | | ?????????????????????# ??????? | | ?????????????????????# #???????? | | ????????#####????????# #???????? | | ????????# #????????# #???????? | | ????????# < ########### ########### | | ????????# @ Y | | ????????# Y | | ????????# | | ????????############################# | | ????????????????????????????????????? | | ????????????????????????????????????? | | ????????????????????????????????????? | | ????????????????????????????????????? | | ????????????????????????????????????? | | ????????????????????????????????????? | | ????????????????????????????????????? | | ????????????????????????????????????? | | ????????????????????????????????????? | | ????????????????????????????????????? | | ????????????????????????????????????? | | ????????????????????????????????????? | | ????????????????????????????????????? | | ????????????????????????????????????? | | ????????????????????????????????????? | | ????????????????????????????????????? | | ????????????????????????????????????? | | ????????????????????????????????????? | | ????????????????????????????????????? | | ????????????????????????????????????? | | ????????????????????????????????????? | +----------------------------------------------------+ Best States ------------- Heat Dissipation 45 Energy Generation 16 Energy Capacity 290 Matter Stores 300 Matter Capacity 300 Sight Range 16 Robot Scan Range 16 Terrain Scan Density 10 Armor Coverage 300 Power Shielding 33 Utility Shielding 33 Evasion (%) 40 Targeting Accuracy 5 Recoil Reduction 3 Offensive Hacking 10 Item Schematics ----------------- Deuterium Engine | -8/Materials | Scanalyzed Robot Schematics ------------------ None Fabricated ------------ Nothing Alien Tech Used ----------------- None Achievements -------------- None Challenges ------------ None Game ------ Seed TitaniumTeslaLauncher Manual? 0 Play Time 00:32:05 Cumulative 41.9 hours Start 2020.10.03 @ 13:41:55 End 2020.10.03 @ 16:54:13 Sessions 2 Manual Loads 0 Difficulty Rogue Special Mode None Game No. 78 Rogue 78 Adventurer 0 Explorer 0 Win Type - Total 0 Types 0/0/0/0/0/0/0/0/0 Lore% 27 Gallery% 41 Achievement% 30 Wizard Run 0 Options --------- ASCII 1 Keyboard 1 Movement Vi Keybinds 0 Fullscreen 2 Font 24/Crisp Map View 76x50 Tactical HUD 1 Map Filters SATURATION(70) Filters SATURATION(65)|SHIFT_HUE(15) Steam 1 RUN: 828afc62-8349-4ea2-b29f-124bed6b929c